AoeStats
← 布丁

Black Forest

506248581Analyzed
4v4 RM · 19d ago on Sep 12, 2026· 102m 40s· 8 players
Game mode
Random Map
Map size
Large (8 player)
Population
200
Speed
Normal
Resources
Standard
Victory
Conquest
Starting age
Dark Age
Ending age
Imperial Age
RankedLock teamsTeams togetherTeam positionsShared explorationLock speedFull tech treeHidden civsTurbo modeCheats
Victory
Defeat
🇹🇼 Goths · Taiwan
815
+14
🇺🇸 Mongols · United States
745
+17
🇬🇷 Turks · Greece
731
+17
🇺🇸 Spanish · United States
699
+19
🇺🇸 Spanish · United States
868
-21
🇺🇸 Bohemians · United States
743
-16
🇺🇸 Khmer · United States
736
-22
🇺🇸 Britons · United States
707
-14
Mel Gibson
7:49 Loom
12:11 Feudal Age
14:08 Double-Bit Axe
14:09 Horse Collar
18:15 Castle Age
19:00 Wheelbarrow
20:55 Bow Saw
22:21 Stone Mining
22:59 Gold Mining
27:22 Hand Cart
30:12 Caravan
30:32 Heavy Plow
31:17 Gold Shaft Mining
35:19 Imperial Age
33:17 Yeomen
34:04 Fletching
34:14 Padded Archer Armor
35:15 Bodkin Arrow
35:45 Leather Archer Armor
35:55 Ballistics
35:41 Murder Holes
35:46 Town Watch
36:51 Bracer
38:02 Chemistry
38:23 Two-Man Saw
37:32 Elite Longbowman
40:45 Ring Archer Armor
43:22 Masonry
42:53 Treadmill Crane
44:11 Warwolf
44:33 Elite Skirmisher
58:27 Sanctity
58:27 Block Printing
58:16 Herbal Medicine
61:26 Illumination
61:16 Fervor
61:47 Theocracy
63:05 Scale Mail Armor
63:16 Forging
65:25 Pikeman
66:07 Squires
65:52 Arson
67:13 Halberdier
69:59 Scale Barding Armor
70:10 Chain Mail Armor
70:30 Iron Casting
71:56 Husbandry
71:18 Light Cavalry
79:26 Cavalier
91:40 Gambesons
91:18 Man-at-Arms
92:43 Fortified Wall
conflux
1:00 Loom
14:10 Feudal Age
14:46 Double-Bit Axe
14:43 Horse Collar
18:40 Castle Age
19:04 Stone Mining
19:35 Heavy Plow
19:48 Bow Saw
21:31 Gold Mining
23:38 Wheelbarrow
23:37 Forging
24:01 Caravan
25:10 Bloodlines
25:38 Fletching
27:10 Husbandry
28:11 Iron Casting
28:23 Hand Cart
32:32 Imperial Age
31:22 Ballistics
32:45 Scale Barding Armor
33:45 Conscription
32:48 Cavalier
35:11 Blast Furnace
34:32 Chain Barding Armor
35:31 Chemistry
34:57 Masonry
35:57 Paladin
37:37 Thumb Ring
38:39 Supremacy
40:00 Padded Archer Armor
41:18 Leather Archer Armor
44:35 Elite Skirmisher
52:06 Ring Archer Armor
52:13 Plate Barding Armor
54:41 Bombard Tower
54:55 Architecture
56:02 Bodkin Arrow
61:49 Bracer
Nicklesko
3:31 Loom
11:21 Feudal Age
12:11 Horse Collar
12:18 Double-Bit Axe
23:26 Castle Age
21:47 Stone Mining
21:49 Gold Mining
23:43 Town Watch
24:34 Wheelbarrow
26:22 Bow Saw
28:30 Caravan
28:05 Pikeman
29:45 Hand Cart
29:34 Town Patrol
29:45 Heavy Plow
30:48 Stone Shaft Mining
30:51 Gold Shaft Mining
32:43 Elite Skirmisher
37:47 Imperial Age
36:43 Scale Mail Armor
36:36 Fletching
36:52 Scale Barding Armor
36:59 Forging
37:19 Tusk Swords
38:10 Bodkin Arrow
38:42 Ballistics
38:36 Masonry
38:27 Murder Holes
39:34 Chemistry
39:12 Siege Engineers
39:32 Heavy Scorpion
41:46 Elite Ballista Elephant
42:28 Double Crossbow
47:05 Architecture
46:42 Bracer
47:20 Iron Casting
47:06 Chain Barding Armor
47:36 Hoardings
66:06 Halberdier
xafer56
13:52 Feudal Age
15:50 Double-Bit Axe
17:24 Loom
21:32 Castle Age
26:01 Bow Saw
26:57 Chemistry
25:57 Horse Collar
27:09 Caravan
27:44 Forging
30:13 Wheelbarrow
30:54 Redemption
31:08 Fervor
31:21 Sanctity
31:29 Heresy
33:31 Wagenburg Tactics
33:54 Heavy Plow
34:24 Ballistics
34:16 Masonry
35:28 Hand Cart
39:24 Imperial Age
37:06 Town Watch
37:30 Treadmill Crane
37:46 Murder Holes
38:05 Fortified Wall
38:04 Fletching
38:59 Bodkin Arrow
39:05 Pikeman
39:46 Squires
39:32 Arson
40:07 Bracer
40:30 Block Printing
40:42 Illumination
40:58 Theocracy
42:23 Conscription
44:35 Bombard Tower
44:51 Arrowslits
45:13 Siege Engineers
45:39 Architecture
47:32 Houfnice
51:10 Halberdier
73:30 Elite Skirmisher
D WARrioR ofGOD
13:07 Feudal Age
17:13 Wheelbarrow
16:26 Horse Collar
17:40 Double-Bit Axe
20:40 Bloodlines
23:54 Castle Age
23:10 Stone Mining
23:14 Gold Mining
25:52 Husbandry
25:59 Padded Archer Armor
26:20 Bow Saw
28:54 Heavy Plow
33:22 Leather Archer Armor
33:30 Hand Cart
33:04 Loom
34:43 Fletching
41:31 Imperial Age
39:55 Pikeman
40:39 Squires
41:58 Elite Conquistador
42:19 Capped Ram
43:38 Bodkin Arrow
44:17 Ring Archer Armor
44:39 Hoardings
44:33 Conscription
44:57 Ballistics
46:06 Murder Holes
46:29 Masonry
51:32 Onager
51:44 Halberdier
71:50 Arson
81:40 Forging
81:33 Scale Mail Armor
83:21 Iron Casting
83:25 Chain Mail Armor
83:57 Scale Barding Armor
86:26 Blast Furnace
85:58 Plate Mail Armor
LiveDoppler
0:51 Loom
12:19 Feudal Age
13:36 Double-Bit Axe
21:59 Castle Age
21:31 Wheelbarrow
22:05 Stone Mining
22:50 Bow Saw
26:32 Fletching
28:40 Caravan
28:44 Horse Collar
30:17 Fortified Wall
31:21 Bodkin Arrow
36:19 Imperial Age
35:04 Hand Cart
35:58 Padded Archer Armor
37:14 Bracer
38:54 Elite Mangudai
40:32 Siege Engineers
42:12 Hoardings
42:46 Leather Archer Armor
43:43 Conscription
43:46 Town Watch
45:14 Chemistry
45:22 Parthian Tactics
45:03 Thumb Ring
47:50 Bloodlines
47:41 Husbandry
49:06 Onager
51:48 Ballistics
50:54 Light Cavalry
51:00 Siege Onager
52:17 Drill
54:13 Hussar
55:06 Forging
55:02 Scale Barding Armor
61:42 Capped Ram
63:31 Siege Ram
66:48 Iron Casting
66:34 Chain Barding Armor
66:10 Heavy Camel Rider
69:12 Blast Furnace
90:46 Town Patrol
98:48 Elite Steppe Lancer
Magaspiswapopc
1:14 Loom
13:25 Feudal Age
14:01 Town Watch
17:50 Wheelbarrow
20:40 Castle Age
19:48 Double-Bit Axe
22:23 Bow Saw
21:57 Horse Collar
23:48 Hand Cart
24:31 Town Watch
26:33 Heavy Plow
33:57 Imperial Age
31:51 Padded Archer Armor
31:42 Fletching
33:14 Stone Mining
33:17 Gold Mining
33:55 Leather Archer Armor
33:36 Bodkin Arrow
34:22 Ballistics
33:45 Treadmill Crane
34:22 Masonry
34:27 Fortified Wall
34:12 Heated Shot
34:29 Murder Holes
35:00 Bombard Tower
37:28 Parthian Tactics
38:01 Hoardings
38:39 Gold Shaft Mining
38:49 Bracer
41:02 Caravan
41:32 Coinage
41:13 Guilds
40:57 Heavy Cavalry Archer
45:56 Artillery
46:29 Conscription
47:45 Banking
47:28 Town Patrol
61:03 Elite Janissary
63:35 Squires
89:09 Two-Man Saw
90:00 Ring Archer Armor
97:45 Bloodlines
98:25 Man-at-Arms
102:09 Scale Barding Armor
102:15 Forging
布丁
0:48 Loom
14:17 Feudal Age
15:58 Wheelbarrow
18:40 Castle Age
16:58 Double-Bit Axe
16:56 Horse Collar
21:46 Hand Cart
24:42 Bow Saw
27:11 Gold Mining
27:12 Stone Mining
27:29 Town Watch
32:49 Imperial Age
31:17 Anarchy
32:45 Pikeman
33:26 Squires
34:34 Chemistry
33:39 Perfusion
33:01 Elite Huskarl
34:09 Halberdier
35:20 Scale Mail Armor
35:30 Forging
42:27 Scale Barding Armor
42:40 Chain Mail Armor
43:01 Iron Casting
50:11 Blast Furnace
60:02 Heavy Plow
66:12 Caravan
66:56 Light Cavalry
67:47 Bloodlines
67:38 Husbandry
68:31 Hussar
72:40 Scale Barding Armor
78:27 Chain Barding Armor
Connection lost

Rejoining the realm…

Still unreachable

The connection could not be restored.

Session expired

The server has moved on; the page needs a fresh start.